 Dungeon Crawl Stone Soup version 0.31.0 (webtiles) character file.

Game seed: 6300855127394218882

928 bpung the Changeling (level 8, -3/60 HPs)
             Began as a Merfolk Shapeshifter on Jan 20, 2024.
             Killed from afar by a white imp (8 damage)
             ... with a puff of frost
             ... on level 5 of the Dungeon.
             The game lasted 00:12:14 (4209 turns).

bpung the Changeling (Merfolk Shapeshifter)         Turns: 4209, Time: 00:12:15

Health: -3/60      AC:  4    Str: 16    XL:     8   Next: 11%
Magic:  11/11      EV: 18    Int:  9    God:
Gold:   195        SH:  0    Dex: 14    Spells: 9/11 levels left

rFire   . .          .
                       - Unarmed
rCold   . . .        (shield currently unavailable)
rNeg    + . .        a - melded +0 animal skin
rPois   +            f - +2 helmet
rElec   .            t - +0 cloak
rCorr   .            (no gloves)
SInv    .            (no boots)
Will    .....        (no amulet)
Stlth   +            g - ring of positive energy
HPRegen 0.30/turn    (no ring)
MPRegen 0.12/turn

%: no passive effects
@: flux-form, glowing
A: glow, contaminating, (nimble swimmer 2), mertail, claws 1, poison resistance
a: Begin Untransformation


You were on level 5 of the Dungeon.
You were something dangerously unstable.
You visited 1 branch of the dungeon, and saw 5 of its levels.

You collected 195 gold pieces.

Inventory:

Hand Weapons
 m - a +2 dagger of venom
 o - a +1 mace of protection
 s - a +3 quarterstaff of chaos
Missiles
 e - 22 poisoned darts (quivered)
 j - 2 boomerangs
Armour
 a - a +0 animal skin (melded)
 f - a +2 helmet (worn)
 k - a +0 chain mail
 t - a +0 cloak (worn)
Jewellery
 g - a ring of positive energy (left claw)
 v - a ring of magical power
Talismans
 c - a beast talisman
 d - a flux talisman (active)
Wands
 n - a wand of charming (7)
 r - a wand of flame (3)
 u - a wand of iceblast (7)
Scrolls
 b - a scroll of enchant armour {unknown}
 h - 4 scrolls of identify
 l - a scroll of poison
 p - 2 scrolls of revelation
 q - 2 scrolls of teleportation
Potions
 i - a potion of resistance
 w - a potion of mutation


   Skills:
 + Level 3.8 Fighting
 + Level 5.2 Dodging
 * Level 6.2 Unarmed Combat
 + Level 2.3 Spellcasting
 * Level 7.1 Shapeshifting


You had 9 spell levels left.
You knew the following spells:

 Your Spells              Type           Power      Damage    Failure   Level
a - Foxfire               Conj/Fire      4%         2x1d4     32%         1
b - Summon Small Mammal   Summ           4%         N/A       32%         1

Your spell library contained the following spells:

 Spells                   Type           Power      Damage    Failure   Level
 Call Canine Familiar     Summ           1%         N/A       67%         3
 Gell's Gravitas          Tloc           1%         N/A       67%         3
 Teleport Other           Tloc           1%         N/A       67%         3
 Leda's Liquefaction      Alch/Erth      0%         N/A       97%         4
 Summon Blazeheart Golem  Fire/Summ      1%         N/A       97%         4
 Lee's Rapid Deconstruct  Erth           0%         3d4*      100%        5
 Bombard                  Conj/Erth      0%         9d1       100%        6
 Dispersal                Tloc           0%         N/A       100%        6
 Plasma Beam              Fire/Air       0%         2x1d10    100%        6
 Starburst                Conj/Fire      0%         6d3       100%        6


Dungeon Overview and Level Annotations

Branches:
Dungeon (5/15)
 Temple: D:4-7

Altars:
Okawaru
Zin

Shops:
D:2 =   D:5 (


Innate Abilities, Weirdness & Mutations

You are something dangerously unstable.
You glow with magical radiation, making you easy to see and hit.
Foes you strike become dangerously contaminated with magical radiation.
You are incapable of wielding weapons or throwing items.
((You are very nimble when in or above water. (Stealth+, EV+, Speed+++)))
Your lower body shifts to a powerful aquatic tail in water.
You have sharp fingernails.
Your system is resistant to poisons. (rPois)


Message History

The water moccasin barely misses you.
You claw the water moccasin!
You kill the water moccasin!
Your Shapeshifting skill increases to level 7!
You have reached level 8!
You scratch the hound but do no damage.
The hound begins to glow.
The hound completely misses you. The hound closely misses you.
You closely miss the hound.
The white imp stops glowing.
The hound barely misses you.
You scratch the hound.
The hound glows dangerously bright.
The hound is moderately wounded.
The hound bites you. The hound misses you.
You closely miss the hound.
The hound is moderately wounded.
The hound bites you.
You claw the hound!
The hound shudders as magic cascades through it!
You kill the hound!
You hear the hiss of an avalanche of sand very nearby.
The white imp completely misses you. The iguana bites you!
You see here a hound corpse.
You scratch the iguana but do no damage.
The iguana begins to glow.
The white imp hits you but does no damage.
The iguana closely misses you.
You barely miss the iguana. The white imp gestures at you.
The puff of frost misses you. The iguana barely misses you.
You scratch the white imp.
The white imp begins to glow.
The white imp is almost dead.
The white imp misses you. The iguana bites you!
* * * LOW HITPOINT WARNING * * *
You scratch the white imp but do no damage.
The white imp glows dangerously bright.
The white imp is almost dead.
The iguana bites you!
* * * LOW HITPOINT WARNING * * *
The white imp gestures at you. The puff of frost hits you!
You die...

#.#
#.....###
#.#
#.....#
#.#
#..####
#.#
#..#####
#.#
##.....#
...
#.....####
.#8
#>.......#
###..###.#
###p#
#.5l#
#.....#
#......).#
#....∩...#
#........#
#.#..†..##
...##...##
.. .....


You could see an iguana (contam) and a white imp (heavy contam).

Vanquished Creatures
  Sigmund (D:4)
  A water moccasin (D:5)
  A black bear (D:4)
  An ogre (D:5)
  A bombardier beetle (D:3)
  Crazy Yiuf (D:3)
  2 hounds (D:5)
  An orc priest (D:3)
  Ijyb (D:4)
  Natasha (twice) (D:3)
  2 orc wizards
  6 adders
  5 river rats (D:3)
  A dart slug (D:1)
  2 ribbon worms
  13 orcs
  9 ball pythons
  7 bats
  5 endoplasms
  4 giant cockroaches
  10 goblins
  9 hobgoblins
  9 kobolds
  2 quokkas
  4 frilled lizards
  7 rats
107 creatures vanquished.

Vanquished Creatures (others)
  6 foxfires (D:3)
6 creatures vanquished.

Grand Total: 113 creatures vanquished

Notes
Turn   | Place    | Note
-------+----------+-------------------------------------------
     0 | D:1      | bpung the Merfolk Shapeshifter began the quest for the Orb.
     0 | D:1      | Reached XP level 1. HP: 15/15 MP: 1/1
   215 | D:1      | Reached XP level 2. HP: 21/21 MP: 2/2
   270 | D:1      | Learned a level 1 spell: Foxfire
   380 | D:1      | Reached XP level 3. HP: 14/26 MP: 3/3
   951 | D:2      | Found a faded altar of an unknown god.
   956 | D:2      | Reached XP level 4. HP: 21/33 MP: 4/4
  1245 | D:2      | Found a glowing silver altar of Zin.
  1352 | D:2      | Found Gebokimubi's Jewellery Emporium.
  1469 | D:2      | Reached skill level 5 in Shapeshifting
  1827 | D:2      | Learned a level 1 spell: Summon Small Mammal
  2099 | D:3      | Found a runed translucent door.
  2100 | D:3      | Noticed Crazy Yiuf
  2111 | D:3      | Killed Crazy Yiuf
  2112 | D:3      | Reached XP level 5. HP: 16/38 MP: 5/5
  2519 | D:3      | Found an iron altar of Okawaru.
  2679 | D:3      | Noticed Natasha
  2688 | D:3      | Killed Natasha
  2689 | D:3      | Reached skill level 1 in Spellcasting
  2689 | D:3      | Reached XP level 6. HP: 33/46 MP: 7/7
  2745 | D:3      | Noticed Natasha
  2753 | D:3      | Killed Natasha
  2887 | D:3      | Reached skill level 5 in Unarmed Combat
  3195 | D:4      | Noticed Ijyb
  3210 | D:4      | Killed Ijyb
  3406 | D:4      | Reached skill level 6 in Shapeshifting
  3552 | D:4      | Noticed Sigmund
  3565 | D:4      | Killed Sigmund
  3566 | D:4      | Reached XP level 7. HP: 48/52 MP: 9/9
  3948 | D:5      | Entered Level 5 of the Dungeon
  4053 | D:5      | Reached skill level 5 in Dodging
  4126 | D:5      | Gained mutation: You have sharp fingernails. [potion of
                  | mutation]
  4126 | D:5      | Gained mutation: Your system is resistant to poisons.
                  | (rPois) [potion of mutation]
  4183 | D:5      | Found Lyluj's Weapon Shoppe.
  4200 | D:5      | Reached skill level 7 in Shapeshifting
  4200 | D:5      | Reached XP level 8. HP: 31/60 MP: 11/11
  4209 | D:5      | Killed from afar by a white imp

Illustrated notes

Levels and vault maps discovered:
D:1:      heliophobic_arrival_dark_side_of_the_moon, layout_basic,
          minmay_misc_feat_square
D:2:      layout_basic, ebering_ecumenical_altar_webs, serial_shops,
          nicolae_shop_pleasant_corner_grove, basic_altar, minmay_puff
D:3:      layout_loops_cross, kennysheep_okawaru_gauntlet, portal_sewer_entry_b,
          uniq_crazy_yiuf_cottage, uniq_natasha
D:4:      layout_basic, minmay_misc_feat_diagonals, uniq_sigmund, uniq_ijyb
D:5:      layout_basic, minmay_temple_entry_junction, serial_shops,
          nicolae_shop_bloodbath_and_beyond,
          lightli_ossuary_entry_decrepit_ruins

Skill      XL: |  1  2  3  4  5  6  7 |
---------------+----------------------+-----
Dodging        | 3 4 5 |  5.2
Unarmed Combat | 4 5 6 |  6.2
Fighting       | 2 3 |  3.8
Shapeshifting  | 5 6 7 |  7.1
Spellcasting   | 1 2 |  2.3

Action                     |  1- 3 |  4- 6 |  7- 9 || total
---------------------------+-------+-------+-------++-------
  Melee: Unarmed           |    98 |   244 |    69 ||   411
   Cast: Foxfire           |       |     3 |       ||     3
Ability: Begin Untransform |     1 |       |       ||     1
    Use: Scroll            |     4 |     5 |       ||     9
         Potion            |     1 |     3 |     2 ||     6
 Armour: Animal skin       |    14 |       |       ||    14
         Skin              |    14 |    88 |    32 ||   134
  Dodge: Dodged            |    76 |   188 |    55 ||   319
   Form: Beast             |     1 |       |       ||     1
         Flux              |     1 |       |       ||     1
